 Dungeon Crawl Stone Soup version 0.18-a0-844-g9229740 (webtiles) character file.

659 root the Slasher (level 7, -1/61 HPs)
             Began as a Minotaur Chaos Knight on Dec 19, 2015.
             Slain by a mummy (13 damage)
             ... in an ossuary.
             The game lasted 00:11:44 (2982 turns).

root the Slasher (Minotaur Chaos Knight)            Turns: 2982, Time: 00:11:44

Health: -1/61      AC:  6    Str: 16      XL:     7   Next: 30%
Magic:  6/6        EV: 11    Int:  8 (9)  God:    Xom [...*..]
Gold:   202        SH:  4    Dex: 11 (12) Spells: 0 memorised, 6 levels left

rFire  . . .     SeeInvis .     a - +1 falchion (chaos)
rCold  . . .     Gourm    .     u - +0 ring mail (curse)
rNeg   . . .     Faith    .     i - +0 buckler
rPois  .         Spirit   .     (helmet restricted)
rElec  .         Dismiss  .     (no cloak)
rCorr  .         Reflect  .     (no gloves)
SustAt .         Harm     .     (no boots)
MR     .....     Rnd*Rage +     (no amulet)
Stlth  +.........               (no ring)
                                (no ring)

@: not resistant to hostile enchantments, very unstealthy
A: retaliatory headbutt, horns 2, berserk 1, deterioration 2
a: Renounce Religion


You were in an ossuary.
You worshipped Xom.
You were a favourite toy of Xom.
You were not hungry.

You visited 1 branch of the dungeon, and saw 5 of its levels.
You also visited: Ossuary.

You collected 202 gold pieces.

Inventory:

Hand Weapons
 a - a +1 falchion of chaos (weapon)
 j - a +0 blowgun
Missiles
 k - 23 poisoned needles
 m - 15 tomahawks (quivered)
 n - 2 silver tomahawks
Armour
 b - a +2 leather armour
 i - a +0 buckler (worn)
 p - a +0 cloak
 t - a +1 leather armour
 u - a cursed +0 ring mail (worn)
Scrolls
 h - a scroll of immolation {unknown}
 q - 2 scrolls of noise {unknown}
 s - a scroll of amnesia {unknown}
 w - 2 scrolls of teleportation
 y - 2 scrolls of magic mapping
 z - a scroll of identify
 A - a scroll of enchant weapon
Potions
 d - a potion of brilliance {unknown}
 e - a potion of might
 l - a potion of mutation {unknown}
 r - a potion of curing {unknown}
 v - a potion of berserk rage {unknown}
Comestibles
 c - 2 bread rations
 f - 2 slices of pizza
 g - 4 fruits
 o - a meat ration
 x - a chunk of flesh


   Skills:
 + Level 5.2 Fighting
 + Level 5.9 Long Blades
 + Level 0.2 Throwing
 + Level 5.5 Armour
 + Level 4.1 Dodging
 + Level 0.6 Stealth
 + Level 1.9 Shields


You had 6 spell levels left.
You didn't know any spells.

Dungeon Overview and Level Annotations

Branches:
Dungeon (5/15)
 Temple: D:4-7

Altars:
Ashenzari
Dithmenos
Elyvilon
Okawaru
Pakellas
Qazlal
Ru

Shops:
D:3 }


Innate Abilities, Weirdness & Mutations

You reflexively headbutt those who attack you in melee.
You have a pair of horns on your head.
You tend to lose your temper in combat.
Your body often deteriorates upon taking damage.


Message History

Deactivating autopickup; reactivate with Ctrl-A.
Xom is highly amused!
You block its attack.
You hit the mummy.
The mummy is moving more slowly.
The mummy is lightly damaged.
The mummy completely misses you. Something hits you.
The helpless mummy fails to defend itself.
You slash the mummy! You burn the mummy.
The mummy is moderately damaged.
The mummy barely misses you.
The helpless mummy fails to defend itself.
You hit the mummy but do no damage.
The mummy is moderately damaged.
Something hits you!
* * * LOW HITPOINT WARNING * * *
Your body deteriorates!
You feel clumsy.
You slash the mummy!
The mummy is heavily damaged.
Something completely misses you. The mummy hits you!
You die...

##+##
#...#
#.∩.#
#...#
#.∩.#
##...##
#.M@{.#
#.#.#.#
#######


You could see a mummy (petrifying).

Vanquished Creatures
  The ghost of JokEr the Insei, an amateur OpTm (D:4)
  An orc priest (D:4)
  A jelly (shapeshifter) (D:1)
  2 hounds (D:4)
  2 orc wizards
  2 iguanas (D:4)
  A worker ant (D:4)
  2 mummies
  Robin (D:2)
  8 adders
  An ooze (D:4)
  An adder skeleton (D:4)
  16 orcs
  2 ball pythons
  12 bats
  3 giant cockroaches
  17 goblins
  9 hobgoblins
  A giant gecko skeleton (D:4)
  3 giant newts
  6 jackals
  6 kobolds
  3 rats
101 creatures vanquished.

Notes
Turn   | Place    | Note
--------------------------------------------------------------
     0 | D:1      | root the Minotaur Chaos Knight began the quest for the Orb.
     0 | D:1      | Reached XP level 1. HP: 19/19 MP: 0/0
    58 | D:1      | XOM: harmless Tloc miscast
    67 | D:1      | Noticed a jelly
    67 | D:1      | a river rat changed into a jelly
    70 | D:1      | Killed a jelly
    70 | D:1      | Reached skill level 4 in Fighting
    70 | D:1      | Reached XP level 2. HP: 14/27 MP: 1/1
    70 | D:1      | Reached XP level 3. HP: 17/33 MP: 2/2
   529 | D:2      | XOM: potion effect (berserk rage)
   532 | D:2      | Reached XP level 4. HP: 41/41 MP: 3/3
   635 | D:2      | Found a white marble altar of Elyvilon.
   728 | D:2      | Found a stormy altar of Qazlal.
   957 | D:2      | XOM: potion effect (agility)
   988 | D:2      | Found a sacrificial altar of Ru.
   991 | D:2      | XOM: chaos cloud
   993 | D:2      | Noticed Robin
  1018 | D:2      | Killed Robin
  1182 | D:2      | Reached XP level 5. HP: 40/47 MP: 4/4
  1371 | D:2      | XOM: silly message
  1608 | D:3      | XOM: 1-stop teleportation journey
  1687 | D:3      | Found an oddly glowing altar of Pakellas.
  1687 | D:3      | Found Pakellas's Prime Provisions.
  1721 | D:3      | Reached skill level 5 in Long Blades
  1723 | D:3      | Reached skill level 1 in Shields
  1724 | D:3      | Reached skill level 5 in Fighting
  1834 | D:3      | Found an oddly glowing altar of Pakellas.
  1940 | D:3      | XOM: torment (25/48 hp)
  2022 | D:3      | XOM: give mutations
  2022 | D:3      | Gained mutation: You have a pair of large horns on your head. [Xom's mischief]
  2022 | D:3      | Gained mutation: Your body sometimes deteriorates upon taking damage. [Xom's mischief]
  2022 | D:3      | Gained mutation: Your mind is acute. (Int +2) [Xom's mischief]
  2083 | D:4      | XOM: noise
  2112 | D:4      | Found a shattered altar of Ashenzari.
  2119 | D:4      | Noticed JokEr's ghost (amateur OpTm)
  2121 | D:4      | XOM: 1-stop teleportation journey
  2145 | D:4      | Reached XP level 6. HP: 35/56 MP: 5/5
  2439 | D:4      | XOM: enchant monster (bad)
  2488 | D:4      | Killed JokEr's ghost
  2488 | D:4      | Reached skill level 5 in Armour
  2488 | D:4      | Reached XP level 7. HP: 57/61 MP: 6/6
  2715 | D:4      | XOM: give mutations
  2715 | D:4      | Gained mutation: You tend to lose your temper in combat. [Xom's mischief]
  2715 | D:4      | Lost mutation: You have a pair of large horns on your head. [Xom's mischief]
  2715 | D:4      | Lost mutation: Your mind is acute. (Int +2) [Xom's mischief]
  2715 | D:4      | Gained mutation: Your body often deteriorates upon taking damage. [Xom's mischief]
  2816 | D:4      | Found a shadowy altar of Dithmenos.
  2816 | D:4      | Found an iron altar of Okawaru.
  2947 | D:5      | Entered Level 5 of the Dungeon
  2959 | D:5      | Found a sand-covered staircase.
  2967 | Ossuary  | Entered an ossuary
  2982 | Ossuary  | Slain by a mummy

Vault maps used:
D:1:      mushboom_english_gardens
D:2:      lemuel_coloured_pillars_altar, lemuel_doored_altar,
          nicolae_overflow_crystal_walls, uniq_robin
D:3:      nicolae_overflow_hidden_temple, johnstein_pakellas_shop
D:4:      old_standard_altar, gammafunk_temple_overflow_statue,
          due_unseen_surprise
D:5:      gup_ossuary_entry_pyramid, first_bread, uniq_grinder
Ossuary:  ossuary_minmay_chase

Action                   |  1- 3 |  4- 6 |  7- 9 || total
-------------------------+-------+-------+-------++-------
Melee: Falchion          |    58 |   125 |    26 ||   209
Throw: Tomahawk          |       |       |     5 ||     5
  Use: Scroll            |     2 |     6 |       ||     8
       Potion            |       |     1 |       ||     1
 Stab: Paralysed         |       |     1 |       ||     1
       Petrifying        |       |       |     2 ||     2
  Eat: Chunk             |       |     6 |     1 ||     7
